 Dungeon Crawl Stone Soup version 0.27-a0-1189-gb8eb6cee8e (webtiles) character file.

Game seed: 9356728251757794507

322 quinnr the Gusty (level 6, -1/47 HPs)
             Began as a Demigod Air Elementalist on May 22, 2021.
             Succumbed to a scorpion's poison
             ... in an ossuary.
             The game lasted 00:14:35 (4313 turns).

quinnr the Gusty (Demigod Air Elementalist)         Turns: 4313, Time: 00:14:35

Health: -1/47      AC:  3    Str: 13    XL:     6   Next: 1%
Magic:  2/13       EV: 12    Int: 21    God:
Gold:   128        SH:  0    Dex: 14    Spells: 2/11 levels left

rFire    . . .     SeeInvis .   h - +0 hunting sling
rCold    . . .     Faith    .   (no shield)
rNeg     . . .     Spirit   .   a - +0 robe
rPois    .         Reflect  .   (no helmet)
rElec    .         Harm     .   (no cloak)
rCorr    .         Rampage  .   (no gloves)
Will     .....                  e - +0 pair of boots
Stlth    ++........             (no amulet)
HPRegen  0.15/turn              (no ring)
MPRegen  0.13/turn              (no ring)

@: brilliant, lethally poisoned (-1 -> -7)
A: high mp 1, forlorn
a: no special abilities


You were in an ossuary.
You visited 1 branch of the dungeon, and saw 4 of its levels.
You also visited: Ossuary.

You collected 128 gold pieces.

Inventory:

Hand Weapons
 h - a +0 hunting sling (weapon)
Missiles
 d - 155 stones (quivered ammo)
 g - 10 poisoned darts
Armour
 a - a +0 robe (worn)
 e - a +0 pair of boots (worn)
Wands
 n - a wand of flame (22)
 r - a wand of digging (5)
Scrolls
 f - a scroll of enchant weapon {unknown}
 k - a scroll of identify {unknown}
 o - a scroll of vulnerability {unknown}
 q - a scroll of enchant armour {unknown}
 s - a scroll of teleportation {unknown}
Potions
 b - a potion of magic
 c - a potion of resistance {unknown}
 j - a potion of ambrosia {unknown}
 m - a potion of degeneration {unknown}
 p - a potion of curing {unknown}


   Skills:
 - Level 1.0 Fighting
 - Level 0.6(1.0) Slings
 - Level 1.0(1.1) Throwing
 - Level 2.0 Dodging
 - Level 1.7 Stealth
 - Level 3.0 Spellcasting
 - Level 3.0 Conjurations
 + Level 1.5 Hexes
 - Level 4.0 Air Magic


You had 2 spell levels left.
You knew the following spells:

 Your Spells              Type           Power      Damage    Failure   Level
a - Shock                 Conj/Air       100%       1d9       3%          1
b - Swiftness             Air            29%        N/A       8%          3
c - Dazzling Flash        Conj/Hex       36%        N/A       16%         3
d - Ensorcelled Hibernat  Hex/Ice        18%        N/A       14%         2

Your spell library contained the following spells:

 Spells                   Type           Power      Damage    Failure   Level
 Static Discharge         Conj/Air       26%        N/A       4%          2
 Corona                   Hex            15%        N/A       7%          1
 Confusing Touch          Hex            14%        N/A       22%         3
 Tukima's Dance           Hex            14%        N/A       22%         3
 Airstrike                Air            14%        N/A       26%         4
 Lightning Bolt           Conj/Air       13%        1d26      65%         5


Dungeon Overview and Level Annotations

Branches:
Dungeon (4/15)             Temple (0/1) D:4         Ossuary (1/1)

Annotations:
D:3 3 runed translucent doors, ZappyNine's ghost, amateur KoDe


Innate Abilities, Weirdness & Mutations

Your attributes grow dramatically as you level up.
You have an increased reservoir of magic. (+10% MP)
You shall have no god before yourself.


Message History

The zap hits the scorpion.
The scorpion is heavily wounded.
The zap hits the scorpion but does no damage.
The scorpion is heavily wounded.
You feel very sick. The scorpion closely misses you.
Casting: Shock (safe; 3% risk of failure)
Confirm with . or Enter, or press ? or * to list all spells.
Aiming: Shock (safe; 3% risk of failure)
Press: ? - help, Shift-Dir - straight line The zap hits the scorpion.
The scorpion is severely wounded.
The zap hits the scorpion.
The scorpion is almost dead.
You feel very sick. The scorpion stings you!
* * * LOW HITPOINT WARNING * * *
A spear hits the scorpion zombie!
Casting: Shock (safe; 3% risk of failure)
Confirm with . or Enter, or press ? or * to list all spells.
Aiming: Shock (safe; 3% risk of failure)
Press: ? - help, Shift-Dir - straight line The zap misses the scorpion.
The zap hits the scorpion.
The scorpion is almost dead.
* * * LOW HITPOINT WARNING * * *
You feel sick. The scorpion stings you.
* * * LOW HITPOINT WARNING * * *
It was a potion of cancellation.
You feel magically purged.
* * * LOW HITPOINT WARNING * * *
You feel sick. The scorpion closely misses you.
A spear hits the scorpion zombie!
The scorpion zombie is destroyed!
The scorpion stings you but does no damage.
You have reached level 6!
Your experience leads to a dramatic increase in your attributes!
Increase (S)trength, (I)ntelligence, or (D)exterity?
You feel stronger. x4
It was a potion of brilliance.
You feel clever all of a sudden.
You die...

#####################
#?!.#^^^#@..#...#...#
+..?#^^^s...8...#.∩.#
#!.?#^^^#.......#...#
######'###8...8###'##
#...#.......#...#
.8...#...8...'.∩.#
.......#...#...#...#
##8...8##############
#.......


You could see a scorpion.

Vanquished Creatures
  A centaur zombie (Ossuary)
  A human zombie (Ossuary)
  Jessica (D:2)
  Ijyb (D:3)
  Natasha (thrice) (D:2)
  A hound skeleton (D:4)
  4 adders (D:2)
  2 dart slugs
  An orc (D:3)
  10 ball pythons
  3 endoplasms
  2 giant cockroaches
  6 goblins
  7 hobgoblins
  7 jackals
  2 quokkas (D:2)
  6 bats
  5 frilled lizards
  A gnoll zombie (Ossuary)
  A kobold (D:3)
  3 rats
68 creatures vanquished.

Vanquished Creatures (others)
  A scorpion zombie (Ossuary)
1 creature vanquished.

Grand Total: 69 creatures vanquished

Notes
Turn   | Place    | Note
-------+----------+-------------------------------------------
     0 | D:1      | quinnr the Demigod Air Elementalist began the quest for the
                  | Orb.
     0 | D:1      | Reached XP level 1. HP: 14/14 MP: 5/5
    87 | D:1      | Reached skill level 1 in Conjurations
   338 | D:1      | Reached XP level 2. HP: 20/20 MP: 2/7
   358 | D:1      | Reached skill level 3 in Air Magic
  1066 | D:2      | Reached XP level 3. HP: 23/26 MP: 2/8
  1149 | D:2      | Noticed Natasha
  1161 | D:2      | Killed Natasha
  1246 | D:2      | Noticed Natasha
  1262 | D:2      | Learned a level 3 spell: Swiftness
  1327 | D:2      | Killed Natasha
  1328 | D:2      | Reached XP level 4. HP: 29/34 MP: 6/9
  1903 | D:2      | Reached skill level 1 in Fighting
  1905 | D:2      | quinnr: ??swiftness
  1905 | D:2      | beem: swiftness[1/2]: Level 2 Charms/Air. Swiftness has two
                  | stages of equal duration: the first decreases move delay by
                  | 25%, the second increases it by 50%. The duration for each
                  | stage is min(30,12+floor(random2(power)/2))*10 aut.
  2160 | D:2      | Noticed Natasha
  2170 | D:2      | Killed Natasha
  2441 | D:3      | Noticed Jessica
  2456 | D:2      | Killed Jessica
  2457 | D:2      | Reached skill level 1 in Throwing
  2457 | D:2      | Reached XP level 5. HP: 15/40 MP: 9/11
  2904 | D:3      | Found a runed translucent gate.
  2906 | D:3      | Found a runed translucent gate.
  2907 | D:3      | Found a runed translucent gate.
  2923 | D:3      | Noticed ZappyNine's ghost (amateur KoDe)
  3440 | D:3      | Noticed Ijyb
  3461 | D:3      | Killed Ijyb
  4009 | D:4      | Learned a level 3 spell: Dazzling Flash
  4034 | D:4      | Found a sand-covered staircase.
  4043 | Ossuary  | Entered an ossuary
  4053 | Ossuary  | Learned a level 2 spell: Ensorcelled Hibernation
  4072 | Ossuary  | Reached skill level 4 in Air Magic
  4195 | Ossuary  | Reached skill level 1 in Hexes
  4311 | Ossuary  | HP: 2/40 [scorpion (5)]
  4313 | Ossuary  | Reached XP level 6. HP: 1/47 MP: 2/13
  4313 | Ossuary  | Succumbed to a scorpion's poison

Illustrated notes

Levels and vault maps discovered:
D:1:      mrwooster_arrival_statue, layout_basic
D:2:      layout_loops_ring, hellmonk_ecumenical_altar_pennies_from_heaven,
          chequers_serial_rivers_large_b, uniq_natasha
D:3:      layout_basic, lemuel_crystal_altar, serial_aquarium,
          aquarium_bridge_straight [aquarium_subvault_bridge,
          aquarium_subvault_window, aquarium_subvault_bridge,
          aquarium_subvault_wall], aquarium_window_fake, aquarium_window_fake,
          aquarium_window_1, aquarium_view_2c, gammafunk_ghost_split, uniq_ijyb,
          uniq_jessica
D:4:      layout_cave_pools, minmay_temple_entry_enclosed_plants,
          chequers_ossuary_entry_cave, uniq_eustachio, uniq_blork_the_orc
Ossuary:  ossuary_minmay_scorpions

Skill      XL: |  1  2  3  4  5 |
---------------+----------------+-----
Conjurations   | 1 2 3 |  3.0
Spellcasting   | 2 3 |  3.0
Air Magic      | 3 4 |  4.0
Dodging        | 2 |  2.0
Fighting       | 1 |  1.0
Throwing       | 1 |  1.0
Hexes          | 1 |  1.5
Slings         | |  0.6
Stealth        | |  1.7

Action                   |  1- 3 |  4- 6 || total
-------------------------+-------+-------++-------
 Fire: Hunting sling     |       |    11 ||    11
Throw: Dart              |       |     4 ||     4
 Cast: Shock             |    62 |   110 ||   172
       Swiftness         |     1 |       ||     1
       Dazzling Flash    |       |     1 ||     1
Evoke: Wand              |       |     1 ||     1
  Use: Potion            |       |     3 ||     3
       Scroll            |       |     1 ||     1
Armor: Robe              |     4 |    14 ||    18
Dodge: Dodged            |    10 |    35 ||    45

Table legend: (Time is in decaauts)
 A = Elapsed time spent in this place.
 B = Non-inter-level travel time spent in this place.
 C = Inter-level travel time spent in this place.
 D = Time resting spent in this place.
 E = Time spent auto-exploring this place.
 F = Levels seen in this place.
 G = Mean time per level.
                   A        B        C        D        E       F      G
               +--------+--------+--------+--------+--------+-----+--------+
         Total |   4345 |   4169 |    176 |    873 |   2598 |   5 |  869.0 |
       Dungeon |   4075 |   3899 |    176 |    706 |   2578 |   4 | 1018.8 |
       Ossuary |    270 |    270 |      0 |    167 |     20 |   1 |  270.0 |
               +--------+--------+--------+--------+--------+-----+--------+

Top non-repeatable levels by time:
     D:2: 1661 daAuts
     D:3: 1144 daAuts
     D:1: 1142 daAuts
 Ossuary: 270 daAuts
     D:4: 126 daAuts
